PBL
PORTLAND ANGELS @ OAKLAND OAKS
10/07/2049
 
TOP OF THE 1ST
Kelowna Heat batting - Pitching for Oakland Oaks : LHP Kichisaburo Sakuma
Pitching: LHP Kichisaburo Sakuma
Batting: RHB Jesus Payano 0-0: Fly out, F7 (Line Drive, 7, EV 86.9 MPH)
Batting: RHB Johnny Sandoval 0-0: Called Strike
0-1: Ball
1-1: Called Strike
1-2: Ball
2-2: Foul Ball, location: 2F
2-2: Ball
3-2: Strikes out swinging, 2-3 out at first.
Batting: RHB Leo Loetzsch 0-0: Called Strike
0-1: Fly out, F9 (Flyball, 9, EV 80.6 MPH)
Top of the 1st over - 0 runs, 0 hits, 0 errors, 0 left on base; Kelowna 0 - Oakland 0
BOTTOM OF THE 1ST
Oakland Oaks batting - Pitching for Kelowna Heat : RHP Cortez Laris
Pitching: RHP Cortez Laris
Batting: RHB Josh Rucker 0-0: Called Strike
0-1: Foul Ball, location: 2F
0-2: Foul Ball, location: 2F
0-2: Ball
1-2: Ball
2-2: Reached on error, E6 (Groundball, 6M, EV 81.9 MPH)
Batting: RHB Fathi Addae 0-0: Swinging Strike
Josh Rucker is caught stealing 2nd base 2-4
0-1: Ball
1-1: Ground out 6-3 (Groundball, 6, EV 99.4 MPH)
Batting: LHB Angel Sanchez 0-0: Called Strike
0-1: Ball
1-1: Ball
2-1: Foul Ball, location: 2F
2-2: Foul Ball, location: 2F
2-2: Strikes out looking
Bottom of the 1st over - 0 runs, 0 hits, 1 error, 0 left on base; Kelowna 0 - Oakland 0
TOP OF THE 2ND
Kelowna Heat batting - Pitching for Oakland Oaks : LHP Kichisaburo Sakuma
Batting: LHB Jimmy Hannon 0-0: Ball
1-0: Ground out 1-3 (Groundball, 34S, EV 71.9 MPH)
Batting: LHB Hugo Juarez 0-0: Ball
1-0: Called Strike
1-1: Ball
2-1: Foul Ball, location: 2F
2-2: Foul Ball, location: 2F
2-2: Foul Ball, location: 2F
2-2: SINGLE (Flyball, 7S, EV 91.9 MPH)
Batting: RHB Edwin Soto 0-0: Fly out, F8 (Flyball, 8LD, EV 88.8 MPH)
Batting: RHB Waki Matsui 0-0: Ball
1-0: Ball
Wild Pitch!
Hugo Juarez to second
2-0: Ball
3-0: Called Strike
3-1: Swinging Strike
3-2: Base on Balls
Batting: RHB Jacob Paul 0-0: Called Strike
0-1: Swinging Strike
0-2: Ball
1-2: Strikes out swinging
Top of the 2nd over - 0 runs, 1 hit, 0 errors, 2 left on base; Kelowna 0 - Oakland 0
BOTTOM OF THE 2ND
Oakland Oaks batting - Pitching for Kelowna Heat : RHP Cortez Laris
Batting: RHB Dunlang Clark 0-0: Called Strike
0-1: Ball
1-1: Foul Ball, location: 2F
1-2: Ball
2-2: Strikes out looking
Batting: SHB Nelson Powell 0-0: Fly out, F6 (Popup, 6D, EV 50.0 MPH)
Batting: LHB Ruben Garcia 0-0: Fly out, F8 (Line Drive, 8RM, EV 95.6 MPH)
Bottom of the 2nd over - 0 runs, 0 hits, 0 errors, 0 left on base; Kelowna 0 - Oakland 0
TOP OF THE 3RD
Kelowna Heat batting - Pitching for Oakland Oaks : LHP Kichisaburo Sakuma
Batting: RHB Cortez Laris 0-0: Called Strike
0-1: Swinging Strike
0-2: Ball
1-2: Foul Ball, location: 2F
1-2: Foul Ball, location: 2F
1-2: Foul Ball, location: 2F
1-2: Ground out 6-3 (Groundball, 6, EV 78.8 MPH)
Batting: RHB Jesus Payano 0-0: Called Strike
0-1: Ball
1-1: Ball
2-1: Swinging Strike
2-2: Strikes out swinging
Batting: RHB Johnny Sandoval 0-0: Ball
1-0: Foul Ball, location: 2F
1-1: Swinging Strike
1-2: Ball
2-2: Ball
3-2: Ground out 4-3 (Groundball, 4, EV 93.8 MPH)
Top of the 3rd over - 0 runs, 0 hits, 0 errors, 0 left on base; Kelowna 0 - Oakland 0
BOTTOM OF THE 3RD
Oakland Oaks batting - Pitching for Kelowna Heat : RHP Cortez Laris
Batting: RHB Devin Arnold 0-0: Called Strike
0-1: Foul Ball, location: 2F
0-2: Strikes out swinging
Batting: LHB Matt Pollock 0-0: Ball
1-0: Ground out U3 (Groundball, 3, EV 83.1 MPH)
Batting: LHB Kichisaburo Sakuma 0-0: Ball
1-0: Ball
2-0: Swinging Strike
2-1: Swinging Strike
2-2: Fly out, F9 (Flyball, 89D, EV 100.6 MPH)
Bottom of the 3rd over - 0 runs, 0 hits, 0 errors, 0 left on base; Kelowna 0 - Oakland 0
TOP OF THE 4TH
Kelowna Heat batting - Pitching for Oakland Oaks : LHP Kichisaburo Sakuma
Batting: RHB Leo Loetzsch 0-0: Foul Ball, location: 2F
0-1: Ball
1-1: Reached on error, E6 (Groundball, 6M, EV 95.6 MPH)
Batting: LHB Jimmy Hannon 0-0: Ball
1-0: Ball
2-0: Ball
Leo Loetzsch steals 2nd, throwing error, E2
Leo Loetzsch to third
3-0: Called Strike
3-1: Fly out, F9 (Line Drive, 9, EV 92.5 MPH)
Runner from 3rd tags up, SCORES, throw by RF
Batting: LHB Hugo Juarez 0-0: Called Strike
0-1: Ground out 6-3 (Groundball, 6, EV 86.9 MPH)
Batting: RHB Edwin Soto 0-0: Foul Ball, location: 2F
0-1: Ball
1-1: Ball
2-1: Ground out 6-3 (Groundball, 6, EV 102.5 MPH)
Top of the 4th over - 1 run, 0 hits, 2 errors, 0 left on base; Kelowna 1 - Oakland 0
BOTTOM OF THE 4TH
Oakland Oaks batting - Pitching for Kelowna Heat : RHP Cortez Laris
Batting: RHB Josh Rucker 0-0: Ball
1-0: Ball
2-0: Foul Ball, location: 2F
2-1: Called Strike
2-2: SINGLE (Line Drive, 6MD, EV 105.0 MPH)
Batting: RHB Fathi Addae 0-0: Ball
1-0: Ball
2-0: Foul Ball, location: 2F
2-1: Ground out 4-3 (Groundball, 4MS, EV 80.6 MPH)
Josh Rucker to second
Batting: LHB Angel Sanchez 0-0: Called Strike
0-1: Foul Ball, location: 2F
0-2: Fly out, F4 (Popup, 4, EV 50.0 MPH)
Batting: RHB Dunlang Clark 0-0: Swinging Strike
0-1: Ball
1-1: Ball
2-1: Foul Ball, location: 2F
2-2: Foul Ball, location: 2F
2-2: Ground out 5-3 (Groundball, 5, EV 91.3 MPH)
Bottom of the 4th over - 0 runs, 1 hit, 0 errors, 1 left on base; Kelowna 1 - Oakland 0
TOP OF THE 5TH
Kelowna Heat batting - Pitching for Oakland Oaks : LHP Kichisaburo Sakuma
Batting: RHB Waki Matsui 0-0: Swinging Strike
0-1: Ball
1-1: Ball
2-1: Foul Ball, location: 2F
2-2: Foul Ball, location: 2F
2-2: Ball
3-2: Base on Balls
Batting: RHB Jacob Paul 0-0: Swinging Strike
0-1: SINGLE (Groundball, 6MD, EV 95.0 MPH)
Waki Matsui to second
Batting: RHB Cortez Laris 0-0: Bunted foul
0-1: Bunted foul
0-2: Sac Bunt to 2R - play at third, runner OUT! 2-5
Jacob Paul to second
Batting: RHB Jesus Payano 0-0: Called Strike
Jacob Paul is caught stealing 3rd base 2-5
0-1: Ball
1-1: Foul Ball, location: 2F
1-2: Ball
2-2: Ball
3-2: SINGLE (Groundball, 6MD, EV 100.0 MPH)
Cortez Laris to second
Cortez Laris to third
Pitching: RHP Nick Robinson
Batting: RHB Johnny Sandoval 0-0: Called Strike
0-1: Ball
1-1: Called Strike
1-2: Foul Ball, location: 2F
1-2: Foul Ball, location: 2F
1-2: Ball
2-2: Strikes out swinging
Top of the 5th over - 0 runs, 2 hits, 0 errors, 2 left on base; Kelowna 1 - Oakland 0
BOTTOM OF THE 5TH
Oakland Oaks batting - Pitching for Kelowna Heat : RHP Cortez Laris
Batting: SHB Nelson Powell 0-0: Called Strike
0-1: Foul Ball, location: 2F
0-2: Foul Ball, location: 2F
0-2: Ball
1-2: Fly out, F9 (Flyball, 9D, EV 95.6 MPH)
Batting: LHB Ruben Garcia 0-0: Ball
1-0: Ground out U3 (Groundball, 34, EV 81.3 MPH)
Batting: RHB Devin Arnold 0-0: Ball
1-0: Foul Ball, location: 2F
1-1: Ball
2-1: Called Strike
2-2: Ball
3-2: Base on Balls
Batting: LHB Matt Pollock 0-0: Called Strike
0-1: Foul Ball, location: 2F
0-2: Ball
1-2: Fielders Choice at 2nd, 6-4 (Groundball, 6, EV 81.3 MPH)
Bottom of the 5th over - 0 runs, 0 hits, 0 errors, 1 left on base; Kelowna 1 - Oakland 0
TOP OF THE 6TH
Kelowna Heat batting - Pitching for Oakland Oaks : RHP Nick Robinson
Batting: RHB Leo Loetzsch 0-0: Ball
1-0: Ball
2-0: Ball
3-0: Called Strike
3-1: Base on Balls
Batting: LHB Jimmy Hannon 0-0: SINGLE (Groundball, 4MD, EV 97.5 MPH)
Leo Loetzsch to second
Batting: LHB Hugo Juarez 0-0: Ball
1-0: Foul Ball, location: 2F
1-1: Called Strike
1-2: Strikes out swinging
Batting: RHB Edwin Soto 0-0: Ball
1-0: Ball
2-0: Called Strike
2-1: Ball
3-1: Foul Ball, location: 2F
3-2: Ground out 5-3 (Groundball, 56, EV 105.6 MPH)
Leo Loetzsch to third
Jimmy Hannon to second
Batting: RHB Waki Matsui 0-0: Foul Ball, location: 2F
0-1: Called Strike
0-2: Ball
1-2: Strikes out swinging
Top of the 6th over - 0 runs, 1 hit, 0 errors, 2 left on base; Kelowna 1 - Oakland 0
BOTTOM OF THE 6TH
Oakland Oaks batting - Pitching for Kelowna Heat : RHP Cortez Laris
Pinch Hitting: LHB Jose Zamarripa 0-0: Ground out U3 (Groundball, 3, EV 86.3 MPH)
Batting: RHB Josh Rucker 0-0: Called Strike
0-1: Ground out 6-3 (Groundball, 6, EV 106.3 MPH)
Batting: RHB Fathi Addae 0-0: Called Strike
0-1: Ground out 1-3 (Groundball, P, EV 82.5 MPH)
Bottom of the 6th over - 0 runs, 0 hits, 0 errors, 0 left on base; Kelowna 1 - Oakland 0
TOP OF THE 7TH
Kelowna Heat batting - Pitching for Oakland Oaks : RHP Nick Robinson
Pitching: RHP Roy Buehler
Batting: RHB Jacob Paul 0-0: Ball
1-0: Foul Ball, location: 2F
1-1: Ball
2-1: Foul Ball, location: 2F
2-2: Ball
3-2: Strikes out swinging
Batting: RHB Cortez Laris 0-0: Ground out 6-3 (Groundball, 6, EV 86.3 MPH)
Batting: RHB Jesus Payano 0-0: Foul Ball, location: 2F
0-1: Ball
1-1: Swinging Strike
1-2: Ball
2-2: Strikes out swinging
Top of the 7th over - 0 runs, 0 hits, 0 errors, 0 left on base; Kelowna 1 - Oakland 0
BOTTOM OF THE 7TH
Oakland Oaks batting - Pitching for Kelowna Heat : RHP Cortez Laris
Batting: LHB Angel Sanchez 0-0: Fly out, F7 (Flyball, 7D, EV 85.6 MPH)
Batting: RHB Dunlang Clark 0-0: Ball
1-0: Foul Ball, location: 2F
1-1: Swinging Strike
1-2: Strikes out swinging
Batting: SHB Nelson Powell 0-0: Swinging Strike
0-1: Ball
1-1: Swinging Strike
1-2: Strikes out looking
Bottom of the 7th over - 0 runs, 0 hits, 0 errors, 0 left on base; Kelowna 1 - Oakland 0
TOP OF THE 8TH
Kelowna Heat batting - Pitching for Oakland Oaks : RHP Roy Buehler
Batting: RHB Johnny Sandoval 0-0: Ball
1-0: Ball
2-0: Ball
3-0: Called Strike
3-1: Base on Balls
Batting: RHB Leo Loetzsch 0-0: Swinging Strike
0-1: Foul Ball, location: 2F
0-2: Foul Ball, location: 2F
0-2: Ball
1-2: Foul Ball, location: 2F
1-2: Strikes out swinging
Batting: LHB Jimmy Hannon 0-0: Ball
1-0: Foul Ball, location: 2F
1-1: Ball
2-1: Ground out 3-1 (Groundball, 3, EV 105.0 MPH)
Johnny Sandoval to second
Batting: LHB Hugo Juarez 0-0: Called Strike
0-1: Ball
1-1: Swinging Strike
1-2: Strikes out swinging
Top of the 8th over - 0 runs, 0 hits, 0 errors, 1 left on base; Kelowna 1 - Oakland 0
BOTTOM OF THE 8TH
Oakland Oaks batting - Pitching for Kelowna Heat : RHP Cortez Laris
Batting: LHB Ruben Garcia 0-0: Ball
1-0: Called Strike
1-1: Called Strike
1-2: Strikes out swinging
Batting: RHB Devin Arnold 0-0: Called Strike
0-1: Foul Ball, location: 2F
0-2: Ball
1-2: Ball
2-2: Ground out 5-3 (Groundball, 5, EV 82.5 MPH)
Batting: LHB Matt Pollock 0-0: Fly out, F8 (Flyball, 78D, EV 91.3 MPH)
Bottom of the 8th over - 0 runs, 0 hits, 0 errors, 0 left on base; Kelowna 1 - Oakland 0
TOP OF THE 9TH
Kelowna Heat batting - Pitching for Oakland Oaks : RHP Roy Buehler
Pitching: RHP Gavin Cahill
Now in LF: Carlos Lara
Batting: RHB Edwin Soto 0-0: Called Strike
0-1: Ball
1-1: Fly out, F8 (Flyball, 89D, EV 81.9 MPH)
Batting: RHB Waki Matsui 0-0: Called Strike
0-1: Foul Ball, location: 2F
0-2: Strikes out swinging
Batting: RHB Jacob Paul 0-0: Called Strike
0-1: Ball
1-1: Swinging Strike
1-2: Ball
2-2: Strikes out swinging
Top of the 9th over - 0 runs, 0 hits, 0 errors, 0 left on base; Kelowna 1 - Oakland 0
BOTTOM OF THE 9TH
Oakland Oaks batting - Pitching for Kelowna Heat : RHP Cortez Laris
Pitching: RHP Orlando Braber
Now at SS: Andy Flores
Now in CF: Jason Vondette
Pinch Hitting: SHB Raul Camargo 0-0: Ball
1-0: Called Strike
1-1: Ball
2-1: Fly out, F4 (Popup, 34, EV 65.6 MPH)
Pinch Hitting: SHB BastiĆ£o Joyce 0-0: Ball
1-0: Ground out 4-3 (Groundball, 34, EV 103.1 MPH)
Batting: RHB Fathi Addae 0-0: Ball
1-0: Swinging Strike
1-1: Swinging Strike
1-2: Strikes out swinging
Bottom of the 9th over - 0 runs, 0 hits, 0 errors, 0 left on base; Kelowna 1 - Oakland 0
Sunday, July 16th , 2023 - OOTP Baseball 24.6 Build 69